 Dungeon Crawl Stone Soup version 0.27-a0-931-g5a74e75d8f (webtiles) character file.

Game seed: 16039133668963688334

77903 polve the Minotaur Blade (level 15, -2/144 HPs)
             Began as a Minotaur Berserker on Apr 10, 2021.
             Was the Champion of Trog.
             Killed from afar by an ogre mage (32 damage)
             ... with a bolt of magma
             ... on level 2 of the Orcish Mines.
             The game lasted 00:25:11 (22849 turns).

polve the Minotaur Blade (Minotaur Berserker)      Turns: 22849, Time: 00:25:11

Health: -2/144     AC: 21    Str: 29    XL:     15   Next: 16%
Magic:  14/14      EV: 17    Int:  4    God:    Trog [******]
Gold:   2446       SH:  0    Dex: 24    Spells: 14/14 levels left

rFire    . . .     SeeInvis .   a - +5 triple sword
rCold    . . .     Faith    +   (shield currently unavailable)
rNeg     . . .     Spirit   .   Z - +4 scale mail of the King of the Hill {rPois Dex+3}
rPois    +         Reflect  .   (helmet restricted)
rElec    .         Harm     .   o - +0 cloak
rCorr    .         Rampage  .   z - +1 pair of gloves
Will     +++..                  t - +2 pair of boots
Stlth    +.........             G - amulet of faith
HPRegen  1.34/turn              e - +6 ring of dexterity
MPRegen  0.14/turn              s - +6 ring of strength

@: on berserk cooldown, regenerating, slowed, very slow
A: horns 2, retaliatory headbutt
a: Renounce Religion, Berserk, Trog's Hand, Brothers in Arms


You were on level 2 of the Orcish Mines.
You worshipped Trog.
Trog was exalted by your worship.
You visited 3 branches of the dungeon, and saw 20 of its levels.
You also visited: Sewer.

You collected 2446 gold pieces.

Inventory:

Hand Weapons
 a - a +5 triple sword (weapon)
 b - the +11 great sword of Raqisk {flame, rElec Will+ Int-2 Dex+4}
   (Trog gifted it to you on level 8 of the Dungeon)

   It has been specially enchanted to burn those struck by it, causing extra
   injury to most foes and up to half again as much damage against particularly
   susceptible opponents.
   Big, fiery blades are also staple armaments of hydra-hunters.
   It affects your intelligence (-2).
   It affects your dexterity (+4).
   It insulates you from electricity.
   It increases your willpower.
Missiles
 d - 5 boomerangs of dispersal
 D - 8 atropa-tipped darts
 J - 3 throwing nets
 Q - 3 curare-tipped darts
Armour
 o - a +0 cloak (worn)
 t - a +2 pair of boots (worn)
 z - a +1 pair of gloves (worn)
 Y - +0 fire dragon scales
 Z - the +4 scale mail of the King of the Hill (worn) {rPois Dex+3}
   (You found it on level 4 of the Dungeon)

   It affects your dexterity (+3).
   It protects you from poison.
Jewellery
 e - a +6 ring of dexterity (left hand)
 s - a +6 ring of strength (right hand)
 x - a ring of resist corrosion
 G - an amulet of faith (around neck)
 L - a ring of poison resistance
 P - a ring of flight
 S - a ring of see invisible
 T - a ring of protection from cold
Wands
 g - a wand of digging (5)
 w - a wand of acid (9)
 E - a wand of random effects (55)
 H - a wand of paralysis (8)
 K - a wand of iceblast (23)
 N - a wand of charming (9)
 W - a wand of polymorph (30)
Scrolls
 c - 2 scrolls of silence {unknown}
 h - 5 scrolls of blinking
 i - 5 scrolls of magic mapping
 j - 4 scrolls of enchant weapon {unknown}
 l - 4 scrolls of vulnerability {unknown}
 v - 4 scrolls of enchant armour {unknown}
 y - 6 scrolls of fog {unknown}
 A - 14 scrolls of teleportation
 B - 8 scrolls of amnesia {unknown}
 I - 4 scrolls of summoning {unknown}
 M - 5 scrolls of fear
 X - 3 scrolls of brand weapon {unknown}
Potions
 f - 5 potions of might
 k - 2 potions of cancellation {unknown}
 m - 7 potions of curing
 n - 5 potions of attraction
 p - 6 potions of flight
 q - 5 potions of mutation
 r - 4 potions of invisibility
 C - 3 potions of haste
 F - 5 potions of berserk rage {unknown}
 O - 2 potions of resistance {unknown}
 R - a potion of brilliance {unknown}
 U - 7 potions of heal wounds
 V - a potion of magic {unknown}


   Skills:
 + Level 16.2 Fighting
 * Level 21.4 Long Blades
 + Level 13.0 Armour
 + Level 8.0 Dodging


You had 14 spell levels left.
You didn't know any spells.
Your spell library was empty.

Dungeon Overview and Level Annotations

Branches:
Dungeon (12/15)            Temple (0/1) D:4            Lair (6/6) D:10
  Swamp (0/4) Lair:2       Spider (0/4) Lair:2        Slime (0/5) Lair:6
    Orc (2/2) D:12          Sewer (visited)
    Elf: Orc:2

Altars:
Dithmenos
Gozag
Hepliaklqana
Kikubaaqudgha
Nemelex Xobeh
Okawaru
Qazlal
Ru
Sif Muna
Wu Jian
Xom
Yredelemnul
Zin
Jiyva

Shops:
D:5 (   D:12 *[!:

Annotations:
D:8 2 transporters
Lair:5 exclusion: oklob plant


Innate Abilities, Weirdness & Mutations

You have a pair of horns on your head.
You reflexively headbutt those who attack you in melee.


Message History

The ogre mage flickers and vanishes!
The two-headed ogre misses you.
The two-headed ogre hits you with a +0 giant spiked club.
You hit the two-headed ogre. You headbutt the two-headed ogre!
The two-headed ogre is almost dead.
The two-headed ogre barely misses you. You furiously retaliate!
You headbutt the two-headed ogre!
You kill the two-headed ogre!
Trog accepts your kill.
You dice the ogre like an onion!!!
You kill the ogre!
Trog accepts your kill.
You barely miss the deep troll. Your headbutt misses the deep troll.
The deep troll barely misses you.
You riposte.
You slash the deep troll!
The deep troll is moderately wounded.
The deep troll closely misses you.
The deep troll claws you but does no damage.
The deep troll bites you but does no damage.
The deep troll claws you. The deep troll completely misses you.
You barely miss the deep troll.
The deep troll is moderately wounded.
The deep troll bites you!!
* * * LOW HITPOINT WARNING * * *
The deep troll completely misses you. x2
You slice the deep troll!! Your headbutt misses the deep troll.
The deep troll is severely wounded.
The deep troll bites you but does no damage.
The deep troll claws you!
* * * LOW HITPOINT WARNING * * *
The deep troll claws you but does no damage.
You slice the deep troll!!
You kill the deep troll!
Trog accepts your kill.
You barely miss something. Your headbutt misses something.
Something hits you but does no damage. Something hits you.
* * * LOW HITPOINT WARNING * * *
You slice something!! You headbutt something.
The cyclops throws a large rock.
You hear some strange, mumbled words.
A bolt of magma appears from out of thin air!
The bolt of magma hits you!!
You die...

..............#.#........
#............####.......
#..........## ##......
#.........#.# ###....
#........### #.....
##......## ##....
##....## ##... ##.####
##.# ##@#.## #... ##{C.#
##.# ##.C.## .... ##....#
..... #...).# #.....
##.#)))# .....#. ###...#
...# ##.[. .....


You could see 2 cyclopes.

Vanquished Creatures
  2 orc warlords
  The ghost of Dirian the Severer, a journeyman MiCK of Xom (Lair:4)
  The ghost of Hasart the Thrower, a journeyman DgHu (Lair:1)
  2 fire dragons (Lair:6)
  4 boulder beetles
  6 hydras
  2 centaur warriors (D:12)
  9 two-headed ogres
  An orc high priest (Orc:1)
  A tengu warrior (D:12)
  8 death yaks
  Nergalle (D:10)
  2 deep trolls (Orc:2)
  A swamp dragon (Lair:6)
  3 lindwurms
  Pikel (D:9)
  A wizard (D:10)
  An ugly thing (D:12)
  An orc sorcerer (Orc:1)
  2 black mambas
  12 cane toads
  7 torpor snails
  4 rime drakes
  14 komodo dragons
  4 kobold demonologists
  3 tyrant leeches (Lair:6)
  14 trolls
  2 polar bears (Lair:4)
  7 hornets
  3 dream sheep
  4 spriggans (Lair:1)
  2 vampires (D:12)
  75 yaks
  A redback (Lair:2)
  A wraith (D:12)
  2 vampire mosquitoes (D:11)
  4 wyverns
  2 basilisks
  3 steam dragons
  Menkaure (D:3)
  A warg (Orc:1)
  5 acid dragons
  21 water moccasins
  Duvessa (D:4)
  4 black bears
  23 orc warriors
  4 sky beasts
  Purgy (Sewer)
  A swamp drake (Lair:6)
  2 ice beasts
  A necrophage (D:4)
  11 wolves (Lair:5)
  17 ogres
  11 centaurs
  4 kobold brigands
  15 bullfrogs
  5 gnoll sergeants (D:12)
  Dowan (D:4)
  A scorpion (D:5)
  A wyvern skeleton (D:4)
  A water moccasin skeleton (D:5)
  8 killer bees
  A wight (D:3)
  A howler monkey (D:6)
  An electric eel (D:7)
  A bullfrog zombie (D:7)
  3 jellies
  9 centaur zombies
  3 hounds
  3 gnoll shamans
  11 orc priests
  Crazy Yiuf (D:4)
  A bullfrog skeleton (D:2)
  7 iguanas
  20 orc wizards
  A scorpion zombie (D:3)
  2 killer bee zombies (D:8)
  A mummy (D:3)
  2 howler monkey zombies
  2 howler monkey skeletons
  4 adders
  20 gnolls
  A shadow imp (D:6)
  An ufetubus (D:6)
  2 worms
  2 dart slugs
  63 orcs
  6 endoplasms
  8 giant cockroaches
  5 goblins
  4 hobgoblins
  6 jackals
  20 kobolds
  8 quokkas
  5 ball pythons
  2 bats
  4 frilled lizards
  A quokka skeleton (D:3)
  A quokka zombie (D:3)
  8 rats
  A plant (Lair:6)
596 creatures vanquished.

Vanquished Creatures (collateral kills)
  An orc warlord (Orc:2)
  A troll (Orc:2)
  3 orc warriors (Orc:2)
  2 orc priests (Orc:2)
  3 orc wizards (Orc:2)
  7 orcs (Orc:2)
17 creatures vanquished.

Vanquished Creatures (others)
  An iguana (Lair:6)
  A bush (D:10)
  23 fungi
  66 plants
91 creatures vanquished.

Grand Total: 704 creatures vanquished

Notes
Turn   | Place    | Note
-------+----------+-------------------------------------------
     0 | D:1      | polve the Minotaur Berserker began the quest for the Orb.
     0 | D:1      | Reached XP level 1. HP: 19/19 MP: 0/0
    35 | D:1      | Reached skill level 4 in Long Blades
    74 | D:1      | Reached XP level 2. HP: 25/27 MP: 1/1
   713 | D:1      | Reached XP level 3. HP: 33/33 MP: 2/2
   756 | D:1      | Reached ** piety under Trog
  1083 | D:2      | Reached skill level 5 in Long Blades
  1189 | D:2      | Found a faded altar of an unknown god.
  1276 | D:2      | Reached XP level 4. HP: 38/40 MP: 3/3
  1784 | D:3      | Found a transporter.
  1785 | D:3      | Found an ancient bone altar of Kikubaaqudgha.
  1788 | D:3      | Found a transporter.
  1862 | D:3      | Found a basalt altar of Yredelemnul.
  1864 | D:3      | Noticed Menkaure
  1913 | D:3      | Found a glowing drain.
  1917 | Sewer    | Entered a sewer
  1995 | Sewer    | Noticed Purgy
  2002 | Sewer    | Killed Purgy
  2003 | Sewer    | Reached skill level 6 in Long Blades
  2003 | Sewer    | Reached XP level 5. HP: 47/47 MP: 4/4
  2275 | D:3      | Noticed a sky beast
  2286 | D:3      | Killed a sky beast
  2287 | D:3      | Reached skill level 7 in Long Blades
  2287 | D:3      | Reached XP level 6. HP: 53/53 MP: 5/5
  2472 | D:3      | Found an ornate altar of the Wu Jian Council.
  2595 | D:3      | Reached *** piety under Trog
  3116 | D:3      | Killed Menkaure
  3117 | D:3      | Reached skill level 8 in Long Blades
  3290 | D:3      | Identified the +3 quarterstaff of the Fool {speed, Dex+6}
  3365 | D:4      | Found a staircase to the Ecumenical Temple.
  3384 | D:4      | Reached XP level 7. HP: 60/60 MP: 6/6
  3387 | D:4      | Identified the +4 scale mail of the King of the Hill {rPois
                  | Dex+3}
  3406 | D:4      | Noticed Duvessa
  3407 | D:4      | Noticed Dowan
  3415 | D:4      | Killed Duvessa
  3420 | D:4      | Killed Dowan
  3421 | D:4      | Reached skill level 9 in Long Blades
  3421 | D:4      | Found a shimmering altar of Xom.
  3593 | D:4      | Found a runed translucent door.
  3594 | D:4      | Noticed Crazy Yiuf
  3736 | D:4      | Noticed an angel
  3737 | D:4      | Found a glowing silver altar of Zin.
  3768 | D:4      | Reached skill level 5 in Fighting
  4291 | D:4      | Killed Crazy Yiuf
  4339 | D:5      | Entered Level 5 of the Dungeon
  4344 | D:5      | Reached skill level 10 in Long Blades
  4344 | D:5      | Reached XP level 8. HP: 65/68 MP: 7/7
  4359 | D:5      | Reached **** piety under Trog
  4687 | D:5      | Reached skill level 11 in Long Blades
  4976 | D:5      | Found a large runed translucent door.
  4982 | D:5      | Found a large runed translucent door.
  5223 | D:5      | Found Zeprauj's Weapon Boutique.
  5384 | D:5      | Found a shimmering blue altar of Sif Muna.
  5393 | D:5      | Found an opulent altar of Gozag.
  5630 | D:6      | Found an iron altar of Okawaru.
  5645 | D:6      | Reached skill level 12 in Long Blades
  5698 | D:6      | Reached skill level 5 in Armour
  5954 | D:6      | Reached XP level 9. HP: 75/75 MP: 8/8
  5967 | D:6      | Found a sparkling altar of Nemelex Xobeh.
  6140 | D:6      | Found a hazy altar of Hepliaklqana.
  6141 | D:6      | Found a shadowy altar of Dithmenos.
  6846 | D:7      | Reached skill level 13 in Long Blades
  7446 | D:8      | Found a transporter.
  7446 | D:8      | Noticed a boulder beetle
  7454 | D:8      | Noticed a centaur warrior
  7455 | D:8      | Found a sacrificial altar of Ru.
  7455 | D:8      | Noticed a deep elf pyromancer
  7456 | D:8      | Noticed a gargoyle
  7561 | D:8      | Found a transporter.
  7713 | D:8      | Reached ***** piety under Trog
  7717 | D:8      | Reached skill level 14 in Long Blades
  7858 | D:8      | Noticed a troll
  7867 | D:8      | Killed a troll
  7989 | D:8      | Reached XP level 10. HP: 84/84 MP: 9/9
  7992 | D:8      | Identified the +11 great sword of Raqisk {flame, rElec
                  | Will+ Int-2 Dex+4} (Trog gifted it to you on level 8 of the
                  | Dungeon)
  7992 | D:8      | Received a gift from Trog
  8380 | D:8      | Noticed a two-headed ogre
  8385 | D:8      | Killed a two-headed ogre
  8522 | D:9      | Noticed Pikel
  8532 | D:9      | Killed Pikel
  8533 | D:9      | Reached skill level 15 in Long Blades
  8549 | D:9      | Noticed a two-headed ogre
  8557 | D:9      | Killed a two-headed ogre
  8948 | D:9      | Noticed a soul eater
  8949 | D:9      | Noticed a sixfirhy
  8953 | D:9      | Reached skill level 16 in Long Blades
  9480 | D:10     | Entered Level 10 of the Dungeon
  9518 | D:10     | Reached XP level 11. HP: 91/94 MP: 10/10
  9896 | D:10     | Noticed Nergalle
  9900 | D:10     | Killed Nergalle
 10046 | D:10     | Found a staircase to the Lair.
 10051 | D:10     | Reached skill level 5 in Dodging
 10055 | D:10     | Reached skill level 17 in Long Blades
 10273 | D:10     | Found a stormy altar of Qazlal.
 10574 | D:10     | Noticed a wizard
 10579 | D:10     | Killed a wizard
 10805 | Lair:1   | Entered Level 1 of the Lair of Beasts
 11080 | Lair:1   | Found a runed translucent door.
 11082 | Lair:1   | Noticed Hasart's ghost (journeyman DgHu)
 11082 | Lair:1   | Identified the +7 trident of Harmony {drain, +Inv rN+}
 11083 | Lair:1   | Noticed a spriggan rider
 11192 | Lair:1   | Reached skill level 18 in Long Blades
 11200 | Lair:1   | Identified the +7 double sword of Absolution {vorpal, Will+
                  | SInv} (Trog gifted it to you on level 1 of the Lair of
                  | Beasts)
 11200 | Lair:1   | Received a gift from Trog
 11431 | Lair:1   | Reached XP level 12. HP: 104/104 MP: 11/11
 11635 | Lair:1   | Reached ****** piety under Trog
 11920 | Lair:1   | Noticed an eight-headed hydra
 11921 | Lair:1   | Killed an eight-headed hydra
 12036 | Lair:1   | Killed Hasart's ghost
 12227 | Lair:2   | Noticed a six-headed hydra
 12231 | Lair:2   | Killed a four-headed hydra
 12232 | Lair:2   | Reached skill level 19 in Long Blades
 12549 | Lair:2   | Found a hole to the Spider Nest.
 12642 | Lair:2   | Found a staircase to the Swamp.
 13086 | Lair:3   | Noticed a boulder beetle
 13093 | Lair:3   | Killed a boulder beetle
 13094 | Lair:3   | Reached skill level 10 in Fighting
 13361 | Lair:3   | Reached skill level 10 in Armour
 14356 | Lair:4   | Received a gift from Trog
 14396 | Lair:4   | Noticed a seven-headed hydra
 14403 | Lair:4   | Killed a four-headed hydra
 14404 | Lair:4   | Reached skill level 20 in Long Blades
 14404 | Lair:4   | Reached XP level 13. HP: 92/114 MP: 12/12
 14906 | Lair:4   | Found a runed translucent door.
 14907 | Lair:4   | Noticed Dirian's ghost (journeyman MiCK)
 15553 | Lair:4   | Killed Dirian's ghost
 16135 | Lair:5   | Received a gift from Trog
 17041 | Lair:6   | Entered Level 6 of the Lair of Beasts
 17702 | Lair:6   | Reached XP level 14. HP: 132/132 MP: 13/13
 17972 | Lair:6   | Found a runed translucent door.
 18685 | Lair:6   | Reached skill level 15 in Fighting
 19079 | Lair:6   | Found a viscous altar of Jiyva.
 19079 | Lair:6   | Found a staircase to the Slime Pits.
 19475 | D:11     | Received a gift from Trog
 20560 | D:12     | Found Heahih's Book Shop.
 20568 | D:12     | Found Ivvabaeck's Distillery.
 20626 | D:12     | Found Efeky's Assorted Antiques.
 20787 | D:12     | Found Denanit's Armour Shop.
 20856 | D:12     | Found a staircase to the Orcish Mines.
 21202 | Orc:1    | Entered Level 1 of the Orcish Mines
 21208 | Orc:1    | Identified the +6 double sword "Xicvoatu" {vorpal, rN+}
                  | (Trog gifted it to you on level 1 of the Orcish Mines)
 21208 | Orc:1    | Received a gift from Trog
 21342 | Orc:1    | Noticed an orc warlord
 21357 | Orc:1    | Killed an orc warlord
 22057 | Orc:2    | Entered Level 2 of the Orcish Mines
 22057 | Orc:2    | Noticed an orc warlord
 22074 | Orc:2    | Killed an orc warlord
 22271 | Orc:2    | Received a gift from Trog
 22322 | Orc:2    | Noticed an orc warlord
 22352 | Orc:2    | Killed an orc warlord
 22376 | Orc:2    | Reached skill level 21 in Long Blades
 22805 | Orc:2    | Reached XP level 15. HP: 139/144 MP: 14/14
 22849 | Orc:2    | Killed from afar by an ogre mage

Illustrated notes

Levels and vault maps discovered:
D:1:      dpeg_arrival_pits, layout_rooms
D:2:      layout_loops_ring, chequers_ecumenical_altar_island
D:3:      minmay_skewed_foursquare, layout_loops_corners,
          general_overflow_altar, gammafunk_temple_of_torment,
          gup_sewer_entry_bowl, bh_walls_and_bars
D:4:      layout_basic, grunt_temple_overflow_order_and_chaos_1, temple_green,
          uniq_duvessa, uniq_crazy_yiuf_cottage
D:5:      layout_basic, jmf_multi_god_temple2, serial_shops, nicolae_shop_stone
D:6:      layout_loops_corners, riverfiend_overflow_shadow_ancestor,
          kennysheep_mini, lemuel_tele_altar
D:7:      layout_loops_cross, serial_bayou_ford_a
D:8:      minmay_the_grid_square_5x5_3x3 [minmay_the_grid_square_5x5_bite,
          minmay_the_grid_square_5x5_n,
          minmay_the_grid_square_5x5_intrusive_squares,
          minmay_the_grid_square_5x5_dogpile,
          minmay_the_grid_square_5x5_megaprize_hollow,
          minmay_the_grid_square_5x5_spiral,
          minmay_the_grid_square_5x5_hollow_slash,
          minmay_the_grid_square_5x5_doubleslash,
          minmay_the_grid_square_5x5_minivault], layout_basic,
          gammafunk_temple_overflow_arena
D:9:      layout_irregular_city, uniq_pikel
D:10:     layout_roguey, nicolae_qazlal_general_emergency,
          minmay_lair_entry_grove, serial_co_window_serial,
          co_window_of_opportunity_a, co_window_corner_a, co_window_corner_a,
          co_window_paths_b, co_window_of_opportunity_a, co_window_corner_b,
          co_window_corner_ca, co_window_corner_b, co_window_2corner,
          co_window_4corner_b, glass_columns_a, glass_columns_c, uniq_nergalle
D:11:     layout_rooms
D:12:     layout_irregular_city, kennysheep_orc_monster_closet_entryway,
          serial_shops, shop, shop, shop, nicolae_shop_crystal
Lair:1:   cheibrodos_lair_river_kwai, layout_small_grid,
          ebering_ghost_funeral_grove, infiniplex_staircase_pool
Lair:2:   layout_regular_city, swamp_mist, spider_nest_entry_rubble
Lair:3:   layout_regular_city, st_stairs_6
Lair:4:   layout_regular_city, ebering_ghost_inner_flame
Lair:5:   layout_big_grid, grunt_megastairs_5, minmay_lair_oklob_chamber,
          serial_bayou_shore_b
Lair:6:   wormcave, layout_cave_pods, guppyfry_lair_end_dragon,
          dpeg_slime_entry_enclosed_altar
Orc:1:    layout_caves
Orc:2:    st_orc_open, layout_diamond_mine

Skill      XL: |  1  2  3  4  5  6  7  8  9 10 11 12 13 14 15 |
---------------+----------------------------------------------+-----
Long Blades    | 4 5 6 7 8 10 12 14 16 18 20 21 | 21.4
Fighting       | 4 5 6 7 9 10 14 16 | 16.2
Armour         | 3 4 5 6 7 8 10 12 13 | 13.0
Dodging        | 3 4 5 6 7 8 |  8.0

Action                   |  1- 3 |  4- 6 |  7- 9 | 10-12 | 13-15 || total
-------------------------+-------+-------+-------+-------+-------++-------
Melee: Falchion          |    34 |       |       |       |       ||    34
       Headbutt          |     9 |     8 |    48 |    91 |   182 ||   338
       Great sword       |    31 |    65 |   197 |   290 |   243 ||   826
       Triple sword      |       |       |       |       |   230 ||   230
Invok: Berserk           |     1 |     3 |     3 |     7 |    13 ||    27
       Brothers in Arms  |       |       |       |       |     3 ||     3
       Trog's Hand       |       |       |       |       |     1 ||     1
  Use: Scroll            |       |       |       |     7 |     6 ||    13
 Stab: Distracted        |       |       |       |       |     1 ||     1
Armor: Animal skin       |    12 |       |       |       |       ||    12
       Ring mail         |       |    31 |       |       |       ||    31
       Scale mail        |       |       |   117 |   115 |   166 ||   398
       Fire dragon scale |       |       |       |       |    12 ||    12
Dodge: Dodged            |    43 |    38 |   122 |   186 |   374 ||   763
       Rpst.: Falchion   |     7 |       |       |       |       ||     7
       Great sword       |     9 |     7 |    28 |    41 |    38 ||   123
       Triple sword      |       |       |       |       |    39 ||    39

Table legend: (Time is in decaauts)
 A = Elapsed time spent in this place.
 B = Non-inter-level travel time spent in this place.
 C = Inter-level travel time spent in this place.
 D = Time resting spent in this place.
 E = Time spent auto-exploring this place.
 F = Levels seen in this place.
 G = Mean time per level.
                   A        B        C        D        E       F      G
               +--------+--------+--------+--------+--------+-----+--------+
         Total |  23016 |  22302 |    714 |    581 |  19179 |  21 | 1096.0 |
       Dungeon |  12579 |  12187 |    392 |    100 |  10656 |  12 | 1048.2 |
          Lair |   8539 |   8237 |    302 |    429 |   7029 |   6 | 1423.2 |
  Orcish Mines |   1645 |   1625 |     20 |     50 |   1290 |   2 |  822.5 |
         Sewer |    252 |    252 |      0 |      0 |    203 |   1 |  252.0 |
               +--------+--------+--------+--------+--------+-----+--------+

Top non-repeatable levels by time:
  Lair:6: 2266 daAuts
     D:3: 1484 daAuts
  Lair:5: 1469 daAuts
    D:10: 1393 daAuts
  Lair:4: 1352 daAuts
  Lair:1: 1340 daAuts
  Lair:3: 1230 daAuts
   Orc:1: 1183 daAuts
     D:6: 1106 daAuts
    D:12: 1095 daAuts
     D:8: 1085 daAuts
     D:5: 1081 daAuts
     D:4: 1021 daAuts
     D:1: 1010 daAuts
     D:9: 1007 daAuts
